 Dungeon Crawl Stone Soup version 0.20.1-1-g8b1a95d (webtiles) character file.

217 KoningWillie the Skirmisher (level 5, -3/59 HPs)
             Began as an Ogre Berserker on Sept 6, 2017.
             Was a Priest of Trog.
             Slain by a hound (4 damage)
             ... on level 4 of the Dungeon.
             The game lasted 00:14:08 (4991 turns).

KoningWillie the Skirmisher (Ogre Berserker)        Turns: 4991, Time: 00:14:08

Health: -3/59      AC:  3    Str: 22    XL:     5   Next: 94%
Magic:  5/5        EV: 11    Int:  8    God:    Trog [***...]
Gold:   137        SH:  0    Dex:  8    Spells: 4/4 levels left

rFire    . . .     SeeInvis .   a - +0 spear
rCold    . . .     Gourm    .   (no shield)
rNeg     . . .     Faith    .   b - +0 animal skin
rPois    .         Spirit   .   (helmet restricted)
rElec    .         Reflect  .   (no cloak)
rCorr    .         Harm     .   (gloves unavailable)
MR       .....                  (boots unavailable)
Stlth    +.........             (no amulet)
Regen    0.2/turn               (no ring)
MPRegen  0.1/turn               (no ring)

@: lethally poisoned (-3 -> -3)
A: unfitting armour, tough skin 1
a: Berserk, Trog's Hand, Burn Spellbooks, Renounce Religion


You were on level 4 of the Dungeon.
You worshipped Trog.
Trog was most pleased with you.
You were not hungry.

You visited 1 branch of the dungeon, and saw 5 of its levels.

You collected 137 gold pieces.

Inventory:

Hand Weapons
 a - a +0 spear (weapon)
Armour
 b - a +0 animal skin (worn)
Jewellery
 j - an uncursed amulet of harm
Wands
 p - a wand of disintegration (8/24)
Scrolls
 e - a scroll of identify
 g - a scroll of magic mapping {unknown}
 h - 2 scrolls of recharging
 i - 2 scrolls of remove curse
 l - a scroll of blinking {unknown}
 m - a scroll of amnesia {unknown}
 s - a scroll of enchant weapon {unknown}
Potions
 q - a potion of brilliance
 r - a potion of resistance {unknown}
 t - a potion of degeneration {unknown}
 u - 2 potions of flight
Comestibles
 c - a bread ration
 d - a royal jelly
 o - a meat ration


   Skills:
 + Level 5.9 Fighting
 + Level 4.3 Polearms
 + Level 3.9 Dodging
 + Level 0.4 Stealth


You had 4 spell levels left.
You didn't know any spells.

Dungeon Overview and Level Annotations

Branches:
Dungeon (5/15)
 Temple: D:4-7

Altars:
Sif Muna
Trog
Uskayaw
Xom
Yredelemnul
Zin


Innate Abilities, Weirdness & Mutations

You are too large for most types of armour.
You have tough skin. (AC +1)


Message History

You hit the hound but do no damage.
The hound is lightly wounded.
The hound misses you.
The jackal moves out of view.
You closely miss the hound.
The hound is lightly wounded.
The hound closely misses you. The hound bites you.
* * * LOW HITPOINT WARNING * * *
The hound barely misses you.
Found 15 arrows.
The hound bites you.
* * * LOW HITPOINT WARNING * * *
You feel sick. The hound bites you.
* * * LOW HITPOINT WARNING * * *
You hit the hound but do no damage.
The hound is lightly wounded.
The jackal bites you.
* * * LOW HITPOINT WARNING * * *
The hound bites you.
You die...

##.#.# #.#.#
........?..
##.#.#.#.#.#
#..........
##.#.#.#.#.#
#...>.......
##.#h#.#.#.#
#.hh...Z....
##@#.#.#.#.#
#..........
##.#.#.#.#.#
###.......#
#.#......
#(#......
... ....
##...#.##
.#..#
...#.#.####
...#


You could see a hound, 2 jackals and an adder skeleton.

Vanquished Creatures
  An orc wizard (D:4)
  A worker ant (D:4)
  An iguana (D:4)
  A gnoll (D:1)
  2 adders
  2 oozes
  5 worms
  A dart slug (D:1)
  2 leopard geckos
  4 orcs (D:4)
  A ball python (D:3)
  4 bats
  7 giant cockroaches
  7 goblins
  8 hobgoblins
  15 jackals
  2 kobolds (D:2)
  2 frilled lizards (D:3)
  A leopard gecko skeleton (D:4)
  10 rats
  A spectral orc (D:3)
78 creatures vanquished.

Notes
Turn   | Place    | Note
-------+----------+-------------------------------------------
     0 | D:1      | KoningWillie the Ogre Berserker began the quest for the Orb.
     0 | D:1      | Reached XP level 1. HP: 24/24 MP: 1/1
   164 | D:1      | Reached XP level 2. HP: 25/32 MP: 2/2
   887 | D:1      | Reached XP level 3. HP: 40/40 MP: 3/3
  1035 | D:2      | Reached ** piety under Trog
  1318 | D:2      | Found a bloodstained altar of Trog.
  1729 | D:2      | Found a deep blue altar of Sif Muna.
  2122 | D:2      | Reached XP level 4. HP: 48/49 MP: 4/4
  2387 | D:2      | Found a glowing silver altar of Zin.
  2427 | D:2      | Found a hide-covered altar of Uskayaw.
  2442 | D:2      | Reached skill level 5 in Fighting
  3775 | D:3      | Reached XP level 5. HP: 41/57 MP: 5/5
  3951 | D:3      | Found a basalt altar of Yredelemnul.
  4233 | D:4      | Found a shimmering altar of Xom.
  4233 | D:4      | Found a shimmering altar of Xom.
  4234 | D:4      | Found a shimmering altar of Xom.
  4234 | D:4      | Found a shimmering altar of Xom.
  4326 | D:4      | Reached *** piety under Trog
  4344 | D:4      | Found a shimmering altar of Xom.
  4379 | D:4      | Found a shimmering altar of Xom.
  4379 | D:4      | Found a shimmering altar of Xom.
  4612 | D:4      | Noticed a steam dragon
  4615 | D:4      | Noticed a hippogriff
  4618 | D:4      | Noticed an ogre
  4622 | D:5      | Entered Level 5 of the Dungeon
  4622 | D:5      | Noticed an ogre
  4912 | D:5      | Noticed an ogre
  4991 | D:4      | HP: 1/59 [jackal (3)]
  4991 | D:4      | Slain by a hound

Skill      XL: |  1  2  3  4  5 |
---------------+----------------+-----
Dodging        | 3 |  3.9
Fighting       | 5 |  5.9
Polearms       | 4 |  4.3
Stealth        | |  0.4

Action                   |  1- 3 |  4- 6 || total
-------------------------+-------+-------++-------
Melee: Spear             |   120 |   229 ||   349
  Use: Scroll            |       |    10 ||    10
       Potion            |       |     5 ||     5
 Stab: Distracted        |     1 |       ||     1
       Sleeping          |       |     1 ||     1
  Eat: Bread ration      |     1 |       ||     1
       Meat ration       |       |     2 ||     2
Armor: Animal skin       |    30 |    93 ||   123
Dodge: Dodged            |    56 |   159 ||   215
